 Dungeon Crawl Stone Soup version 0.29-a0-1065-g47a6bb87d6 (webtiles) character file.

Game seed: 13618288745078118600

74 Spectrina the Magician (level 4, 0/32 HPs)
             Began as a Djinni Venom Mage on Aug 18, 2022.
             Slain by a ball python (2 damage)
             ... on level 2 of the Dungeon.
             The game lasted 00:05:15 (596 turns).

Spectrina the Magician (Djinni Venom Mage)           Turns: 596, Time: 00:05:15

Health: 0/32       AC:  2    Str:  7    XL:     4   Next: 54%
Gold:   116        EV: 12    Int: 18    God:
                   SH:  0    Dex: 14

rFire   + + .      SeeInvis .   c - +0 whip (elec)
rCold   x . .      Faith    .   (no shield)
rNeg    . . .      Spirit   .   a - +0 robe
rPois   ∞          Reflect  .   (no helmet)
rElec   .          Harm     .   (no cloak)
rCorr   .          Rampage  .   (no gloves)
Will    .....                   (boots unavailable)
Stlth   ++........              j - amulet of the acrobat
HPRegen 0.10/turn               (no ring)
MPRegen 0.00/turn               (no ring)

@: flying
A: sickness immunity, fire resistance 2, cold vulnerability 1, float, innate
caster, HP casting, extra vitality 1
a: no special abilities


You were on level 2 of the Dungeon.
You visited 1 branch of the dungeon, and saw 4 of its levels.

You collected 116 gold pieces.

Inventory:

Hand Weapons
 c - a +0 whip of electrocution (weapon)
Armour
 a - a +0 robe (worn)
Jewellery
 i - a ring of willpower
 j - an amulet of the acrobat (around neck)
Scrolls
 b - 4 scrolls of identify {unknown}
 d - a scroll of enchant armour {unknown}
 f - 2 scrolls of enchant weapon {unknown}
 g - a scroll of poison {unknown}
 k - a scroll of noise {unknown}
 n - a scroll of blinking {unknown}
Potions
 e - a potion of haste {unknown}
 h - 3 potions of curing {unknown}
 l - a potion of flight {unknown}
 m - a potion of brilliance {unknown}


   Skills:
 + Level 1.3 Fighting
 + Level 2.7 Dodging
 + Level 2.1 Stealth
 * Level 3.0 Spellcasting
 + Level 1.2 Invocations


You couldn't memorise any spells.
You knew the following spells:

 Your Spells              Type           Power      Damage    Failure   Level
a - Sting                 Tmut/Pois      52%        1d5       4%          1
f - Freeze                Ice            52%        1d7       4%          1
l - Mephitic Cloud        Conj/Pois/Air  13%        N/A       14%         3
q - Poisonous Vapours     Pois/Air       26%        N/A       7%          2
w - Olgreb's Toxic Radia  Pois           13%        N/A       43%         4
Your spell library was empty.

Dungeon Overview and Level Annotations

Branches:
Dungeon (4/15)
 Temple: D:4-7

Altars:
Wu Jian


Innate Abilities, Weirdness & Mutations

You are immune to sickness and miasma.
You are immune to poison.
Your flesh is very heat resistant. (rF++)
You are vulnerable to cold. (rC-)
You float through the air rather than walking.
You learn spells naturally, not from books.
Your magical power is your life essence.
You have superior vitality. (+4 MHP)


Message History

Aim: a worm (moderately wounded, very poisoned, 90% to hit)
The sting hits the worm.
The worm looks as sick as possible!
The worm is moderately wounded.
* * * LOW HITPOINT WARNING * * *
Unknown command.
Casting: Sting (safe; 4% risk of failure)
Confirm with . or Enter, or press ? or * to list all spells.
Aiming: Sting (safe; 4% risk of failure)
Press: ? - help, Shift-Dir - straight line, f/p - worm
Aim: a worm (moderately wounded, extremely poisoned, 90% to hit)
Okay, then.
Casting: Sting (safe; 4% risk of failure)
Confirm with . or Enter, or press ? or * to list all spells.
Aiming: Sting (safe; 4% risk of failure)
Press: ? - help, Shift-Dir - straight line, f/p - worm
Aim: a worm (heavily wounded, extremely poisoned, 90% to hit)
The sting hits the worm.
The worm looks as sick as possible!
The worm is severely wounded.
* * * LOW HITPOINT WARNING * * *
Unknown command.
You kill the worm!
A ball python is nearby!
Unknown command.
Unknown command.
Casting: Sting (safe; 4% risk of failure)
Confirm with . or Enter, or press ? or * to list all spells.
You can't see any susceptible monsters within range! (Use Z to cast anyway.)
An endoplasm and a goblin come into view.
Unknown command.
Casting: Sting (safe; 4% risk of failure)
Confirm with . or Enter, or press ? or * to list all spells.
Aiming: Freeze (safe; 4% risk of failure)
Press: ? - help, Shift-Dir - straight line, f - ball python
Aim: a ball python You freeze the ball python.
The ball python is moderately wounded.
The ball python seems to slow down.
* * * LOW HITPOINT WARNING * * *
The ball python bites you.
You die...

#.## #.## .#
##.#######.##
... #
###..##.......#
...
..#.###.......#
.... ....#
#...÷...# .g...
..### #.......#
##... ###
#.......# J..
#.......####.#
#.......#S@..#
##
#.........####
.# #####.##.##
.# #.#..# ..#
.## #.#.## ..#
..# ###...# ..#
..#######÷...##
..#
#.....##..#.##
##...
#..##..#.##.#
#....


You could see a goblin and a ball python (slow).

Vanquished Creatures
  A hound (D:4)
  An adder (D:2)
  A worm (D:2)
  A dart slug (D:1)
  3 ball pythons
  3 bats
  2 endoplasms (D:2)
  A giant cockroach (D:2)
  3 goblins
  3 hobgoblins
  5 kobolds
  A quokka (D:3)
  A frilled lizard (D:2)
  4 rats
30 creatures vanquished.

Notes
Turn   | Place    | Note
-------+----------+-------------------------------------------
     0 | D:1      | Spectrina the Djinni Venom Mage began the quest for the
                  | Orb.
     0 | D:1      | Spectrina set off with the following spells memorised:
                  | Sting, Poisonous Vapours, Mephitic Cloud, Olgreb's Toxic
                  | Radiance.
     0 | D:1      | Reached XP level 1. HP: 15/15 MP: 0/0
   127 | D:2      | Reached XP level 2. HP: 14/21 MP: 0/0
   197 | D:2      | Reached XP level 3. HP: 8/26 MP: 0/0
   197 | D:2      | Learned a level 1 spell: Freeze
   286 | D:4      | Reached skill level 1 in Fighting
   286 | D:4      | Reached skill level 1 in Invocations
   286 | D:4      | Reached XP level 4. HP: 11/32 MP: 0/0
   335 | D:3      | Found a faded altar of an unknown god.
   380 | D:4      | Found an ornate altar of the Wu Jian Council.
   458 | D:1      | Reached skill level 3 in Spellcasting
   596 | D:2      | Slain by a ball python

Illustrated notes

Levels and vault maps discovered:
D:1:      lemuel_arrival_behind_the_door_large, layout_rooms
D:2:      layout_rooms, kennysheep_nondescript
D:3:      layout_loops_cross, dreamdust_ecumenical_altar_statues, serial_shops,
          nicolae_shop_hallway_plus, kennysheep_generic_room_10, uniq_ijyb,
          uniq_crazy_yiuf_cottage
D:4:      minmay_chambers_of_fours, layout_basic,
          pdpol_wu_jian_five_deadly_venoms, lemuel_crystal_altar,
          kennysheep_decorative_pillar, uniq_eustachio

Skill      XL: |  1  2  3  4 |
---------------+-------------+-----
Fighting       | 1 |  1.3
Stealth        | 2 |  2.1
Invocations    | 1 |  1.2
Spellcasting   | 3 |  3.0
Dodging        | |  2.7

Action                   |  1- 3 |  4- 6 || total
-------------------------+-------+-------++-------
Melee: Whip              |     6 |    18 ||    24
 Cast: Sting             |    23 |    11 ||    34
       Poisonous Vapours |       |     6 ||     6
       Freeze            |       |     3 ||     3
 Stab: Sleeping          |       |     1 ||     1
Armor: Robe              |     3 |     3 ||     6
Dodge: Dodged            |     3 |    12 ||    15

Table legend: (Time is in decaauts)
 A = Elapsed time spent in this place.
 B = Non-inter-level travel time spent in this place.
 C = Inter-level travel time spent in this place.
 D = Time resting spent in this place.
 E = Time spent auto-exploring this place.
 F = Levels seen in this place.
 G = Mean time per level.
                   A        B        C        D        E       F      G
               +--------+--------+--------+--------+--------+-----+--------+
         Total |    595 |    595 |      0 |      0 |      0 |   4 |  148.8 |
       Dungeon |    595 |    595 |      0 |      0 |      0 |   4 |  148.8 |
               +--------+--------+--------+--------+--------+-----+--------+

Top non-repeatable levels by time:
     D:2: 253 daAuts
     D:1: 155 daAuts
     D:3: 141 daAuts
     D:4: 44 daAuts
